 Dungeon Crawl Stone Soup version 0.14-a0-1590-g25a9b7f (webtiles) character file.

84 4tharraofdagon the Firebug (level 4, 4/36 HPs)
             Began as a Naga Fire Elementalist on Dec 23, 2013.
             Quit the game on Level 6 of the Dungeon.
             The game lasted 00:03:35 (475 turns).

4tharraofdagon the Firebug (Naga Fire Elementalist)  Turns: 475, Time: 00:03:35

HP   4/36        AC  2     Str 11      XL: 4   Next:  7%
MP   4/8         EV 10     Int 16      God:
Gold 23          SH  0     Dex 11      Spells:  2 memorised,  3 levels left

rFire  . . .     SeeInvis +     (no weapon)
rCold  . . .     Clarity  .     a - +0 robe
rNeg   . . .     Conserve .     (no shield)
rPois  +         rCorr    .     (no helmet)
rElec  .         rRot     .     (no cloak)
SustAb . .       Spirit   .     (no gloves)
rMut   .         Warding  .     (no barding)
Saprov . . .     Stasis   .     (no amulet)
                                (no ring)
                                (no ring)

@: very slow, slightly resistant to hostile enchantments, fairly stealthy
A: spit poison, see invisible, deformed body, poison resistance, slowness 2, AC
+1
a: Spit Poison


You were on level 6 of the Dungeon.
You were not hungry.

You visited 1 branch of the dungeon, and saw 6 of its levels.

You collected 23 gold pieces.

Inventory:

Armour
 a - a +0 robe (worn)
Comestibles
 c - 2 bread rations
 f - a meat ration
Potions
 g - a potion of curing
Books
 b - a book of Flames

   Spells                             Type                      Level
   *Flame Tongue                      Conjuration/Fire             1
   Throw Flame                        Conjuration/Fire             2
   *Conjure Flame                     Conjuration/Fire             3
   Inner Flame                        Hexes/Fire                   3
   Sticky Flame                       Conjuration/Fire             4
   Fireball                           Conjuration/Fire             5


   Skills:
 - Level 1.5 Dodging
 - Level 3.0 Stealth
 + Level 2.4 Spellcasting
 * Level 2.5 Conjurations
 * Level 3.7 Fire Magic


You had 3 spell levels left.
You knew the following spells:

 Your Spells              Type           Power        Failure   Level  Hunger
a - Flame Tongue          Conj/Fire      ##...        8%          1    #......
b - Conjure Flame         Conj/Fire      ##......     17%         3    ####...


Dungeon Overview and Level Annotations

Branches:
Dungeon (6/16)
 Temple: D:4-7

Altars:

Annotations:
D:3 Yermak's ghost, average FeCK
D:5 Duvessa; Eustachio


Innate Abilities, Weirdness & Mutations

You cannot wear boots.
You can spit poison.
Your serpentine skin is tough (AC +1).
You have supernaturally acute eyesight.
Armour fits poorly on your strangely shaped body.
Your system is resistant to poisons.
You cover ground very slowly.


Message History

* * * LOW HITPOINT WARNING * * *
The ball python bites you but does no damage.
Duvessa says, "My weaknesses are his strengths!"
You climb downwards. 2 hobgoblins and an ogre come into view.
There is a stone staircase leading up here.
Unknown command.
Read which item? (? for menu, Esc to quit)
As you read the scroll labeled BYNTELA NECU, it crumbles to dust.
Your scroll labeled BYNTELA NECU very briefly gains a green sheen.
You are now empty-handed.
It was a scroll of enchant weapon I.
The ball python bites you but does no damage.
The hobgoblin hits you with a club.
* * * LOW HITPOINT WARNING * * *
Read which item? (? for menu, Esc to quit)
As you read the scroll labeled JUXKIDOVANG, it crumbles to dust.
Nothing appears to happen.
The ball python bites you.
* * * LOW HITPOINT WARNING * * *
The hobgoblin barely misses you. The ball python closely misses you.
Are you sure you want to abandon this character and quit the game? (Confirm with "yes".)

#################
....g...@.......g
.......g.S.......
.....O.........
...............
...............
.............
...........
......... ...


You could see an ogre (sleeping), 3 hobgoblins and a ball python.

Vanquished Creatures
  Jessica (D:3)
  A gnoll (D:4)
  An adder (D:4)
  An ooze (D:3)
  2 orcs (D:3)
  2 bats
  2 giant cockroaches
  4 hobgoblins
  A giant newt (D:1)
  2 goblins
  2 kobolds
  A rat (D:1)
20 creatures vanquished.

Notes
Turn   | Place    | Note
--------------------------------------------------------------
     0 | D:1      | 4tharraofdagon, the Naga Fire Elementalist, began the quest for the Orb.
     0 | D:1      | Reached XP level 1. HP: 15/15 MP: 3/3
     2 | D:1      | Noticed a human
     4 | D:1      | Noticed a felid
     6 | D:1      | Noticed a naga
     6 | D:1      | Noticed a centaur
     8 | D:1      | Noticed a tengu
     8 | D:1      | Noticed a demigod
    10 | D:1      | Noticed a spriggan
    10 | D:1      | Noticed a vampire
    12 | D:1      | Noticed an octopode
    12 | D:1      | Noticed a merfolk
    14 | D:1      | Noticed a minotaur
    14 | D:1      | Noticed a draconian
    16 | D:1      | Noticed an ogre
    16 | D:1      | Noticed an elf
    18 | D:1      | Noticed a troll
    20 | D:1      | Noticed a ghoul
    22 | D:1      | Noticed a demonspawn
    22 | D:1      | Noticed a dwarf
   199 | D:3      | Reached XP level 2. HP: 13/22 MP: 1/4
   224 | D:3      | Noticed Jessica
   229 | D:3      | Killed Jessica
   229 | D:3      | Reached XP level 3. HP: 15/28 MP: 3/6
   234 | D:3      | Learned a level 3 spell: Conjure Flame
   273 | D:3      | Noticed Yermak's ghost (average FeCK)
   406 | D:4      | Reached XP level 4. HP: 9/36 MP: 1/8
   463 | D:5      | Entered Level 5 of the Dungeon
   463 | D:5      | Noticed Eustachio
   463 | D:5      | Noticed Duvessa
   472 | D:6      | Noticed an ogre
   475 | D:6      | Quit the game

Action                   |  1- 3 |  4- 6 || total
-------------------------+-------+-------++-------
Melee: Unarmed           |     3 |       ||     3
 Cast: Flame Tongue      |    21 |     4 ||    25
 Abil: Spit Poison       |    17 |     2 ||    19
  Use: Potion            |     1 |       ||     1
       Scroll            |       |     2 ||     2
